 Dungeon Crawl Stone Soup version 0.17-a0-1900-g45e8110 (webtiles) character file.

137 Ijustatesigmund the Cudgeler (level 5, -1/48 HPs)
             Began as a Minotaur Berserker on Sept 24, 2015.
             Was a Priest of Trog.
             Slain by an orc priest
             ... wielding a +0 flail
              (7 damage)
             ... on level 3 of the Dungeon.
             The game lasted 00:03:24 (1515 turns).

Ijustatesigmund the Cudgeler (Minotaur Berserker)   Turns: 1515, Time: 00:03:24

Health: -1/48      AC:  7    Str: 21    XL:     5   Next: 0%
Magic:  4/4        EV: 11    Int:  1    God:    Trog [***...]
Gold:   162        SH:  0    Dex: 11    Spells: 0 memorised, 4 levels left

rFire  . . .     SeeInvis .     a - +0 mace
rCold  . . .     Clarity  .     j - +0 ring mail
rNeg   . . .     SustAt   .     (no shield)
rPois  .         Gourm    .     (helmet restricted)
rElec  .         Spirit   .     e - +0 cloak
rCorr  .         Warding  .     (no gloves)
rMut   .         Stasis   .     n - +0 pair of boots
MR     .....                    (no amulet)
Stlth  +.........               (no ring)
                                d - -3 ring of intelligence (curse)

@: not resistant to hostile enchantments, very unstealthy
A: retaliatory headbutt, horns 2
a: Burn Spellbooks, Berserk, Trog's Hand, Renounce Religion


You were on level 3 of the Dungeon.
You worshipped Trog.
Trog was most pleased with you.
You were very hungry.

You visited 1 branch of the dungeon, and saw 3 of its levels.

You collected 162 gold pieces.

Inventory:

Hand weapons
 a - a +0 mace (weapon)
Armour
 e - a +0 cloak (worn)
 j - a +0 ring mail (worn)
 n - a +0 pair of boots (worn)
Jewellery
 d - a cursed -3 ring of intelligence (left hand)
Scrolls
 b - a scroll of random uselessness {unknown}
 h - a scroll of enchant armour {unknown}
 i - a scroll of remove curse {unknown}
 k - a scroll of identify {unknown}
 l - a scroll of noise {unknown}
 m - a scroll of magic mapping {unknown}
 p - a scroll of amnesia {unknown}
Potions
 o - a potion of might {unknown}
Comestibles
 c - 3 bread rations
 f - a meat ration
 g - a royal jelly


   Skills:
 + Level 5.1 Fighting
 + Level 5.8 Maces & Flails
 - Level 2.4 Armour
 - Level 2.1 Dodging


You had 4 spell levels left.
You didn't know any spells.

Dungeon Overview and Level Annotations

Branches:
Dungeon (3/15)

Altars:
Dithmenos
Elyvilon


Innate Abilities, Weirdness & Mutations

You reflexively headbutt those who attack you in melee.
You have a pair of horns on your head.


Message History

You are too injured to fight recklessly!
You are too injured to fight recklessly!
You are too injured to fight recklessly!
You are too injured to fight recklessly!
You are too injured to fight recklessly!
You are too injured to fight recklessly!
You are too injured to fight recklessly!
You are too injured to fight recklessly!
You are too injured to fight recklessly!
You are too injured to fight recklessly!
You are too injured to fight recklessly!
You are too injured to fight recklessly!
Use which ability?
You're too hungry to go berserk.
You hit the orc.
You kill the orc!
Trog accepts your kill.
You have reached level 5!
You closely miss the orc priest. The orc priest hits you with a flail!
You die...

#......###.###..#
........#
#......#
.##......#
#####.##
#......#######.#
#####..........#
#.oo....####
#..####.# #.. #o#
#.o #@# ..o #.#
##o. #.# ... #.#
... #.# ... ###


You could see an orc priest.

Vanquished Creatures
  A hound (D:3)
  3 gnolls (D:3)
  2 adders (D:2)
  A worm (D:3)
  3 orcs (D:3)
  2 bats
  A giant cockroach (D:3)
  10 goblins
  8 hobgoblins
  6 kobolds
  A ball python (D:3)
  A giant gecko (D:1)
  2 giant newts
  7 jackals
  8 rats
56 creatures vanquished.

Notes
Turn   | Place    | Note
--------------------------------------------------------------
     0 | D:1      | Ijustatesigmund the Minotaur Berserker began the quest for the Orb.
     0 | D:1      | Reached XP level 1. HP: 19/19 MP: 0/0
    80 | D:1      | Reached skill level 4 in Maces & Flails
    83 | D:1      | Reached XP level 2. HP: 14/27 MP: 1/1
   436 | D:1      | Acquired Trog's second power
   554 | D:2      | Found a shadowy altar of Dithmenos.
   577 | D:2      | Reached XP level 3. HP: 33/33 MP: 2/2
   655 | D:2      | Found a white marble altar of Elyvilon.
   847 | D:2      | Reached skill level 5 in Maces & Flails
  1086 | D:3      | Reached XP level 4. HP: 30/41 MP: 3/3
  1365 | D:3      | Reached skill level 5 in Fighting
  1514 | D:3      | Reached XP level 5. HP: 6/48 MP: 4/4
  1515 | D:3      | Slain by an orc priest

Vault maps used:
D:1:      evilmike_arrival_fibonacci_small
D:2:      lemuel_crystal_altar, elyvilon_altar_5
D:3:      first_bread

Action                   |  1- 3 |  4- 6 || total
-------------------------+-------+-------++-------
Melee: Mace              |    77 |    39 ||   116
  Use: Scroll            |     2 |       ||     2
  Eat: Chunk             |       |     1 ||     1
